 Dungeon Crawl Stone Soup version 0.20-a0-700-gbd4582c (webtiles) character file.

44 thurin the Skirmisher (level 3, -1/34 HPs)
             Began as a Minotaur Berserker on Feb 21, 2017.
             Was a Believer of Trog.
             Slain by Crazy Yiuf
             ... wielding a +4 quarterstaff of chaos
              (3 damage)
             ... on level 2 of the Dungeon.
             The game lasted 00:06:42 (1304 turns).

thurin the Skirmisher (Minotaur Berserker)          Turns: 1304, Time: 00:06:43

Health: -1/34      AC:  5    Str: 22    XL:     3   Next: 39%
Magic:  2/2        EV: 11    Int:  4    God:    Trog [**....]
Gold:   84         SH:  0    Dex:  9    Spells: 2/2 levels left

rFire    . . .     SeeInvis +   a - +0 mace
rCold    . . .     Gourm    .   g - +0 ring mail (curse)
rNeg     . . .     Faith    .   (no shield)
rPois    .         Spirit   .   (helmet restricted)
rElec    .         Reflect  .   (no cloak)
rCorr    .         Harm     .   (no gloves)
MR       .....                  (no boots)
Stlth    ..........             (no amulet)
Regen    0.2/turn               (no ring)
MPRegen  0.1/turn               m - ring of see invisible

@: no status effects
A: retaliatory headbutt, horns 2
a: Berserk, Trog's Hand, Burn Spellbooks, Renounce Religion


You were on level 2 of the Dungeon.
You worshipped Trog.
Trog was pleased with you.
You were not hungry.

You visited 1 branch of the dungeon, and saw 2 of its levels.

You collected 84 gold pieces.

Inventory:

Hand Weapons
 a - a +0 mace (weapon)
Armour
 b - a +0 animal skin
 g - a cursed +0 ring mail (worn)
Jewellery
 m - a ring of see invisible (left hand)
Scrolls
 d - a scroll of enchant weapon {unknown}
 e - a scroll of teleportation {unknown}
 f - 2 scrolls of identify
 j - a scroll of fog {unknown}
 q - a scroll of magic mapping {unknown}
Potions
 h - 2 potions of haste
 i - 2 potions of agility {unknown}
 k - a potion of berserk rage {unknown}
 o - a potion of degeneration {unknown}
Comestibles
 c - 3 bread rations
 l - a meat ration
 n - a royal jelly
 p - 11 chunks of flesh


   Skills:
 + Level 4.4 Fighting
 * Level 4.2 Maces & Flails
 + Level 3.2 Armour
 - Level 2.1 Dodging


You had 2 spell levels left.
You didn't know any spells.

Dungeon Overview and Level Annotations

Branches:
Dungeon (2/15)

Altars:
Yredelemnul

Annotations:
D:2 Crazy Yiuf


Innate Abilities, Weirdness & Mutations

You reflexively headbutt those who attack you in melee.
You have a pair of horns on your head.


Message History

Crazy Yiuf shouts!
Found eight maces.
Crazy Yiuf laughs, "Mountain!
Goober pontify ragdoll."
There is an open door here.
You hit Crazy Yiuf.
Crazy Yiuf is lightly wounded.
Crazy Yiuf hits you with a quarterstaff of chaos!
Crazy Yiuf freezes you.
Crazy Yiuf says, "Ghoul!
Goldfish sing stair."
Crazy Yiuf hits you with a quarterstaff of chaos.
* * * LOW HITPOINT WARNING * * *
You sock Crazy Yiuf!
Crazy Yiuf is almost dead.
Crazy Yiuf says, "Mountain!
Papa testudinal dark."
Crazy Yiuf hits you with a quarterstaff of chaos!
* * * LOW HITPOINT WARNING * * *
You hit Crazy Yiuf but do no damage.
Crazy Yiuf is almost dead.
Crazy Yiuf hits you with a quarterstaff of chaos.
You die...

... .....# .....#
.##..# .....######
#### ........#P##
###)))#
...........####)@g).#
#....#...P.)#))##)))#
...))...#.)#)### ####
...รท...#######
.....### .......# ##
### ###
...>########.###.###.#
...........#..##.#...#
.#.#######.##........#


You could see Crazy Yiuf.

Vanquished Creatures
  An adder (D:2)
  A dart slug (D:2)
  A leopard gecko (D:2)
  4 bats (D:1)
  A giant cockroach (D:1)
  4 goblins
  6 hobgoblins
  2 frilled lizards (D:1)
  9 kobolds (D:1)
  2 rats (D:1)
31 creatures vanquished.

Notes
Turn   | Place    | Note
-------+----------+-------------------------------------------
     0 | D:1      | thurin the Minotaur Berserker began the quest for the Orb.
     0 | D:1      | Reached XP level 1. HP: 19/19 MP: 0/0
   397 | D:1      | Reached XP level 2. HP: 27/27 MP: 1/1
  1081 | D:2      | Reached XP level 3. HP: 34/34 MP: 2/2
  1112 | D:2      | Found a basalt altar of Yredelemnul.
  1273 | D:2      | Reached ** piety under Trog
  1296 | D:2      | Found a runed door.
  1300 | D:2      | Noticed Crazy Yiuf
  1304 | D:2      | Slain by Crazy Yiuf

Vault maps used:
D:1:      lightli_arrival_statuegarden
D:2:      yredelemnul_altar_generic, hangedman_decor_peaks_small, uniq_sigmund,
          uniq_crazy_yiuf_cottage

Skill      XL: |  1  2 |
---------------+-------+-----
Fighting       | 4 |  4.4
Maces & Flails | 4 |  4.2
Armour         | 3 |  3.2
Dodging        | |  2.1

Action                   || total
-------------------------++-------
Melee: Mace              ||    64
       Headbutt          ||     8
  Use: Scroll            ||     2
  Eat: Chunk             ||     1
Armor: Ring mail         ||    20
       Animal skin       ||     2
Dodge: Dodged            ||    38
